Mecha, lawful female human Samurai --- --------- |<..--- ------.......-- ------- --------------- |.....---|.........--..| |.....| |.............| -..|....|.---------|..| |.(@@.| --+---+--.----+- --.|-.....---. # ---- |..@..| --- ---- |..| --.| --|.........|..- ...-- ---|--- +.| |..---|..|--+-..--- ----.|....|..----...-- |.| |.| ---+-.....-|--........--+- -----..|....|.....---- |.| |.|-----......--................| ------ |..|.............---.-- |.-..||.......-|..--------|--..-- |.%!%| --......---...........----- |.|..||...{....|--|....)....|..-- ....| |........|...|...........---|.|..|--.......| |!%?(%?)?!|...| -|- .-----....-------...---......-|.|------....--| -----------...| --- --*---...-|...-|..|..|-...|..---...|.--..|...|....|------ |.......-- |..|-.........|..--|..|..|--.....|-....|........---...-|.(((| |.------- |..-...............-|---.-----[)--..........--....|-...-.(((| |.|...| -----.....{....----...))..).).....|...`.......|-...|...-|.(((| |.|...| |..............-- --+--.---------.........--..|........|------ |.--|-| -+-----.........| |.|((((| --.......- --|...|....|--------.....| --..------- |.-.(((| --...--- --..|...--......|...{..+ ---- --|.(((| --- -----.....----........| ------ ------- ---------- Mecha the Kunoichi Experience level: 8 Strength: 18/01 Dexterity: 13 Constitution: 18 Intelligence: 10 Wisdom: 7 Charisma: 8 Health: 0(78) Energy: 27(27) AC: 1 Gold: 491 Moves: 3749 Your Inventory: Coins $ - 491 gold pieces Weapons a - an uncursed corroded +0 katana (weapon in hand) b - an uncursed +3 wakizashi (alternate weapon; not wielded) c - an uncursed +0 yumi d - 41 uncursed +0 ya k - 3 cursed [+0] daggers l - 3 uncursed [+0] daggers m - an uncursed [+0] dwarvish mattock n - an uncursed [+0] dwarvish short sword s - 14 uncursed [+0] arrows (in quiver) A - 6 blessed [+1] arrows Armor e - an uncursed rustproof +0 splint mail (being worn) t - an uncursed [+0] dwarvish cloak u - an uncursed +0 dwarvish iron helm v - an uncursed [+0] pair of iron shoes y - a blessed +0 dented pot (being worn) z - an uncursed [+0] pair of high boots B - a cursed [-1] small shield C - a cursed [+0] pair of high boots D - an uncursed +0 small shield Q - an uncursed +0 dwarvish cloak (being worn) R - an uncursed +0 dwarvish iron helm S - an uncursed +0 pair of iron shoes (being worn) Comestibles i - 2 uncursed fortune cookies r - an uncursed carrot E - an uncursed C-ration O - 2 uncursed tins [of chameleon meat] T - an uncursed pear Scrolls j - 2 uncursed scrolls labeled PHOL ENDE WODAN [of identify] o - a blessed scroll labeled FOOBIE BLETCH [of fire] p - an uncursed scroll labeled GNIK SISI VLE [of destroy armor] w - an uncursed scroll labeled ETAOIN SHRDLU [of light] Potions q - an uncursed steamy potion [of speed] F - an uncursed silver potion [of healing] M - an uncursed potion of oil Wands K - an uncursed wand of digging [0:4] Tools f - an uncursed blindfold x - an uncursed tin whistle L - an uncursed [magic] lamp Spells known in the end: Name Level Category Fail Memory Your skills at the end: Fighting Skills martial arts [Basic / Master] Weapon Skills short sword [Basic / Expert] long sword [Skilled / Expert] bow [Basic / Expert] Spellcasting Skills Final Attributes: You were piously aligned. Hunger level was 748. Your alignment was 28 / 28. Monster difficulty range was 1 - 8. Level difficulty was 8. You were telepathic. You were fast. Your luck was zero. You are dead. Vanquished creatures: a small mimic a wood golem 2 soldiers a giant spider a housecat a fire ant a fog cloud a shrieker 5 gnome lords 2 gnomish wizards an elf zombie a straw golem 3 floating eyes 2 dwarves a homunculus a rothe a monkey 3 iguanas an acid blob a gas spore 2 hobbits a large kobold a hobgoblin 4 giant rats a red mold 35 gnomes 2 geckos 3 jackals a fox 2 kobolds 3 goblins 3 grid bugs a bat 4 lichens a newt 95 creatures vanquished. Voluntary challenges: You used a wielded weapon 116 times. You read items or engraved 1 time. You put on armor 9 times. You never genocided any monsters. You never polymorphed an object. You never changed form. You used no wishes. You never wrote Elbereth's name. You never encountered a bones level. You never used any Sokoban shortcuts. Dungeon overview: The Dungeons of Doom: levels 1 to 4 Level 1 a fountain a long staircase Level 2 an altar to Amaterasu Omikami Level 3 a general store Level 4 some fountains stairs to The Gnomish Mines The Gnomish Mines: levels 5 to 8 Level 5 stairs to The Dungeons of Doom Level 8 <- You were here many shops, a temple, a magic chest, some fountains History has recorded: On T:1 you entered the Dungeons of Doom to retrieve the Amulet of Yendor! On T:492 you advanced to experience level 2. On T:546 you reached level 2 of The Dungeons of Doom. On T:820 you advanced to experience level 3. On T:1005 you reached level 3 of The Dungeons of Doom. On T:1186 you advanced to experience level 4. On T:1344 you reached level 4 of The Dungeons of Doom. On T:1584 you advanced to experience level 5. On T:2054 you reached level 1 of The Gnomish Mines. On T:2096 you advanced to experience level 6. On T:2489 you reached level 2 of The Gnomish Mines. On T:2564 you advanced to experience level 7. On T:2847 you reached level 3 of The Gnomish Mines. On T:2926 you reached level 4 of The Gnomish Mines. On T:3208 you advanced to experience level 8. Latest messages: You wear a blessed +0 dented pot. You wear an uncursed +0 small shield. You take off an uncursed +0 small shield. The soldier misses. You hit the soldier! [HP+1=28] You miss the soldier. The soldier hits! [HP-3=25] You hit the soldier! The soldier hits! [HP-7=18] You miss the soldier. The soldier hits! [HP-8=10] You hit the soldier! The soldier hits! [HP-8=2] You begin praying to Susanowo. The soldier hits! You die... Final status: Sayonara Mecha the Samurai... You died in The Gnomish Mines on dungeon level 8 with 4778 points, and 491 pieces of gold, after 3749 moves. You were level 8 with a maximum of 78 hit points when you died.